 Dungeon Crawl Stone Soup version 0.19-a0-734-ge18daf0 (webtiles) character file.

106 AlphabetPasta the Gusty (level 4, -1/24 HPs)
             Began as a Deep Elf Air Elementalist on June 22, 2016.
             Killed by their own static electricity (3 damage)
             ... on level 5 of the Dungeon.
             The game lasted 00:11:01 (2475 turns).

AlphabetPasta the Gusty (Deep Elf Air Elementalist) Turns: 2475, Time: 00:11:02

Health: -1/24      AC:  3    Str:  5    XL:     4   Next: 55%
Magic:  3/11       EV: 14    Int: 21    God:
Gold:   169        SH:  0    Dex: 15    Spells: 4 memorised, 2 levels left

rFire  . . .     SeeInvis .     (no weapon)
rCold  . . .     Gourm    .     a - +1 robe
rNeg   . . .     Faith    .     (no shield)
rPois  .         Spirit   .     (no helmet)
rElec  .         Dismiss  .     (no cloak)
rCorr  .         Reflect  .     (no gloves)
SustAt .         Harm     .     (no boots)
MR     .....                    (no amulet)
Stlth  ++........               (no ring)
                                (no ring)

@: repel missiles, not resistant to hostile enchantments, unstealthy
A: no striking features
a: no special abilities


You were on level 5 of the Dungeon.
You were not hungry.

You visited 1 branch of the dungeon, and saw 5 of its levels.

You collected 169 gold pieces.

Inventory:

Armour
 a - a +1 robe (worn)
Jewellery
 j - a cursed ring of loudness {unknown}
 m - an uncursed amulet of dismissal {unknown}
 n - an uncursed ring of fire {unknown}
Scrolls
 d - a scroll of enchant armour
 f - a scroll of fog
 g - a scroll of teleportation
 o - 6 scrolls of identify {unknown}
 p - a scroll of recharging
Potions
 e - a potion of haste {unknown}
 h - a potion of agility {unknown}
 l - 2 potions of curing
 t - a potion of flight {unknown}
Books
 b - a book of Air

   Spells                             Type                      Level
   a - Shock                          Conjuration/Air              1
   b - Swiftness                      Charms/Air                   2
   c - Repel Missiles                 Charms/Air                   2
   d - Static Discharge               Conjuration/Air              3
   e - Lightning Bolt                 Conjuration/Air              5
Comestibles
 c - 2 bread rations
 i - 3 meat rations
 r - a beef jerky


   Skills:
 + Level 3.6 Dodging
 - Level 2.4 Stealth
 + Level 3.7 Spellcasting
 + Level 2.5 Conjurations
 * Level 3.9 Air Magic


You had 2 spell levels left.
You knew the following spells:

 Your Spells              Type           Power        Failure   Level  Hunger
a - Shock                 Conj/Air       ###.         3%          1    None
b - Repel Missiles        Chrm/Air       ##....       12%         2    ##.....
c - Swiftness             Chrm/Air       ##......     12%         2    ##.....
d - Static Discharge      Conj/Air       ###.....     12%         3    ###....


Dungeon Overview and Level Annotations

Branches:
Dungeon (4/15)
 Temple: D:4-7

Altars:
Kikubaaqudgha
Nemelex Xobeh

Annotations:
D:5 Blork the orc


Message History

Aiming: Shock
Press: ? - help, Shift-Dir - straight line, f - orc, p - centaur skeleton
Aim: an orc, wielding a mace (hasn't noticed you)
The zap hits the centaur skeleton.
You destroy the centaur skeleton!
The zap hits something.
The zap misses the orc.
The orc shouts!
Something hits you!
* * * LOW HITPOINT WARNING * * *
You feel better. Something hits you!
* * * LOW HITPOINT WARNING * * *
Okay, then.
Casting: Shock
Confirm with . or Enter, or press ? or * to list all spells.
Okay, then.
Casting: Shock
Confirm with . or Enter, or press ? or * to list all spells.
Something is struck by lightning.
The lightning arcs!
You are struck by lightning.
You die...

.####.#.....
#.. ......#
### #.#
#####.## #.#
#...# #.#
#o..# #.#
#...# #.##
#.{.#
#..ยง...#
####...######
#.######
............#
#@#
............#
#.#
..........{.#
#.#
####...####.#
#.# #...# #.#
#.# #...#
#.####o##.#
#...#
#..l......#
#...#
#####.#####
##.# #.#


You could see an orc.

Vanquished Creatures
  A centaur skeleton (D:5)
  An adder (D:3)
  An ooze (D:2)
  2 worms
  A dart slug (D:3)
  2 giant geckos
  An orc (D:4)
  2 giant cockroaches (D:2)
  3 goblins
  7 hobgoblins
  6 jackals
  5 kobolds
  3 quokkas (D:3)
  2 ball pythons
  4 bats
  3 giant newts
  6 rats
50 creatures vanquished.

Notes
Turn   | Place    | Note
--------------------------------------------------------------
     0 | D:1      | AlphabetPasta the Deep Elf Air Elementalist began the quest for the Orb.
     0 | D:1      | Reached XP level 1. HP: 10/10 MP: 6/6
     2 | D:1      | Noticed a demigod
     2 | D:1      | Noticed a gargoyle
     4 | D:1      | Noticed a felid
     4 | D:1      | Noticed a troll
     6 | D:1      | Noticed an elf
     6 | D:1      | Noticed a vine stalker
     8 | D:1      | Noticed a demonspawn
    10 | D:1      | Noticed a human
    10 | D:1      | Noticed a halfling
    12 | D:1      | Noticed a merfolk
    12 | D:1      | Noticed a dwarf
    14 | D:1      | Noticed a spriggan
    16 | D:1      | Noticed an ogre
    16 | D:1      | Noticed a centaur
    20 | D:1      | Noticed an octopode
    20 | D:1      | Noticed a naga
    22 | D:1      | Noticed a formicid
    22 | D:1      | Noticed a draconian
    24 | D:1      | Noticed a ghoul
    24 | D:1      | Noticed a vampire
    26 | D:1      | Noticed a tengu
    26 | D:1      | Noticed a minotaur
   148 | D:1      | Reached XP level 2. HP: 15/15 MP: 5/8
   152 | D:1      | Learned a level 2 spell: Repel Missiles
   155 | D:1      | Learned a level 2 spell: Swiftness
   806 | D:2      | Reached XP level 3. HP: 19/19 MP: 5/9
   813 | D:2      | Learned a level 3 spell: Static Discharge
  1170 | D:3      | Found an ancient bone altar of Kikubaaqudgha.
  1352 | D:3      | Found a sparkling altar of Nemelex Xobeh.
  1961 | D:3      | Reached XP level 4. HP: 22/24 MP: 1/11
  2252 | D:3      | You fall through a shaft for 2 floors!
  2252 | D:5      | Entered Level 5 of the Dungeon
  2437 | D:5      | Noticed Blork the orc
  2475 | D:5      | Killed from afar by themself

Vault maps used:
D:1:      kb_arrival_jail
D:3:      kiku_gazebo_garden_becter, nemelex_xobeh_ov_fountains_minmay,
          first_bread
D:4:      old_standard_altar, serial_shops, nicolae_shop_overgrown_old_shop,
          shop, uniq_natasha, uniq_eustachio
D:5:      lemuel_crystal_altar, uniq_blork_the_orc

Skill      XL: |  1  2 |
---------------+-------+-----
Conjurations   | 2 |  2.5
Dodging        | 3 |  3.6
Stealth        | |  2.4
Spellcasting   | |  3.7
Air Magic      | |  3.9

Action                   |  1- 3 |  4- 6 || total
-------------------------+-------+-------++-------
 Cast: Shock             |    90 |    16 ||   106
       Repel Missiles    |     1 |       ||     1
  Use: Scroll            |       |     7 ||     7
       Potion            |       |     3 ||     3
  Eat: Chunk             |     2 |     2 ||     4
       Fruit             |     1 |       ||     1
Armor: Robe              |     1 |     1 ||     2
Dodge: Dodged            |     8 |    14 ||    22
